 Seeded DCSS version 0.32-a0-913-g739538afd8 (webtiles) character file.

Game seed: 3004286359654636035 (custom seed)

9655 demibob the Nimble (level 11, 0/108 HPs)
             Began as a Kobold Berserker on Apr 7, 2024.
             Was a High Priest of Trog.
             Slain by a skyshark (4 damage)
             ... on level 2 of the Lair of Beasts.
             The game lasted 00:16:05 (12107 turns).

demibob the Nimble (Kobold Berserker)              Turns: 12107, Time: 00:16:06

Health: 0/108      AC: 21    Str: 15    XL:     11   Next: 78%
Magic:  11/11      EV: 13    Int:  9    God:    Trog [*****.]
Gold:   305        SH:  0    Dex: 18    Spells: 10/10 levels left

rFire   . . .        a - +0 short sword (elec)
rCold   . . .        (no shield)
rNeg    . . .        e - +4 chain mail {rPois}
rPois   +            (no helmet)
rElec   .            (no cloak)
rCorr   .            (no gloves)
SInv    .            p - +2 pair of boots
Will    .....        (no amulet) Stlth
                     T - +4 ring of protection
HPRegen 0.38/turn    Y - +4 ring of slaying
MPRegen 0.12/turn

%: no passive effects
@: berserking, very quick
A: small, no large weapons, nightstalker 3
a: Renounce Religion, Berserk, Trog's Hand, Brothers in Arms


You were on level 2 of the Lair of Beasts.
You worshipped Trog.
Trog was extremely pleased with you.
You visited 2 branches of the dungeon, and saw 10 of its levels.
You also visited: Sewer and Bailey.

You collected 737 gold pieces.
You spent 432 gold pieces at shops.


Innate Abilities, Weirdness & Mutations

You are small and have problems with some larger weapons.
You are completely attuned to the shadows.


   Skills:
 + Level 9.8 Fighting
 - Level 10.0 Short Blades
 + Level 7.2 Armour
 - Level 10.1 Dodging
 - Level 9.2 Evocations


You had 10 spell levels left.
You didn't know any spells.
Your spell library was empty.

Inventory:

Hand Weapons
 a - a +0 short sword of electrocution (weapon)
Missiles
 h - 5 throwing nets {=f}
 o - 6 curare-tipped darts {=f}
Armour
 e - a +4 chain mail of poison resistance (worn)
 p - a +2 pair of boots (worn)
 q - +0 steam dragon scales
Jewellery
 P - a ring of poison resistance
 T - a +4 ring of protection (left hand)
 W - a ring of willpower
 Y - a +4 ring of slaying (right hand)
Wands
 d - a wand of mindburst (37)
 g - a wand of polymorph (10)
 n - a wand of iceblast (21)
 r - a wand of paralysis (8)
 t - a wand of digging (5)
 v - a wand of flame (12)
Scrolls
 c - 6 scrolls of teleportation {@r2}
 i - 3 scrolls of enchant armour
 k - 2 scrolls of amnesia
 x - a scroll of brand weapon
 y - a scroll of poison {unknown}
 z - 2 scrolls of identify {@r1}
 A - a scroll of blinking
 B - a scroll of immolation
Potions
 b - 3 potions of heal wounds {@q2}
 f - 4 potions of haste {@q3}
 j - 3 potions of lignification
 l - a potion of mutation
 m - a potion of cancellation
 s - a potion of enlightenment
 u - 3 potions of curing {@q1}
 w - 3 potions of resistance {unknown}

Dungeon Overview and Level Annotations

Branches:
Dungeon (8/15)             Temple (0/1) D:7            Lair (2/5) D:8
  Snake (0/4) Lair:2        Sewer (visited)          Bailey (visited)
  Swamp: Lair:2-3    Shoals: Lair:2-3

Altars:
Ashenzari
Fedhas
Okawaru
Ru
Yredelemnul
Zin

Shops:
D:1 =?(*?   D:4 (

Annotations:
D:8 1 runed translucent door

.#####.........##...#
.# #............#..#
.# ##..............P#
#..............##
#.........###...
#.........# $..#
#.........##.#
#.........#..#.#
#..........@F..#
................
##.#.######## ####


You could see a skyshark (berserk).


Message History

The skyshark bites you!
* * * LOW HITPOINT WARNING * * *
The skyshark barely misses you.
The skyshark tail-slaps you but does no damage.
You hit the skyshark.
The skyshark is moderately wounded.
You barely miss the skyshark.
The skyshark is moderately wounded.
The skyshark closely misses you. The skyshark tail-slaps you!
* * * LOW HITPOINT WARNING * * *
The skyshark tail-slaps you but does no damage.
You hit the skyshark.
The skyshark is moderately wounded.
You completely miss the skyshark.
The skyshark is moderately wounded.
The skyshark barely misses you. The skyshark closely misses you.
The skyshark tail-slaps you but does no damage.
You puncture the skyshark!
The skyshark is heavily wounded.
You barely miss the skyshark.
The skyshark is heavily wounded.
The skyshark bites you!
* * * LOW HITPOINT WARNING * * *
The skyshark misses you. The skyshark barely misses you.
You puncture the skyshark!
The skyshark is severely wounded.
You hit the skyshark.
The skyshark is severely wounded.
The skyshark completely misses you. The skyshark tail-slaps you.
You die...

Skill      XL: |  1  2  3  4  5  6  7  8  9 10 11 |
---------------+----------------------------------+-----
Short Blades   | 5 6 7 8 9 10 | 10.0
Evocations     | 1 2 3 6 9 |  9.2
Dodging        | 3 5 7 9 10 | 10.1
Armour         | 5 7 |  7.2
Fighting       | 7 9 |  9.8

Action                     |  1- 3 |  4- 6 |  7- 9 | 10-12 || total
---------------------------+-------+-------+-------+-------++-------
  Melee: Short sword       |    60 |   191 |   371 |   422 ||  1044
 Invoke: Berserk           |       |     1 |     3 |     4 ||     8
         Trog's Hand       |       |       |     1 |       ||     1
  Evoke: Wand              |       |       |    13 |       ||    13
    Use: Scroll            |     4 |     5 |    12 |       ||    21
         Potion            |       |     3 |     7 |       ||    10
   Stab: Sleeping          |     8 |    11 |    18 |       ||    37
         Distracted        |       |     1 |       |       ||     1
         Invisible         |       |       |     5 |       ||     5
 Armour: Animal skin       |    19 |    60 |   128 |     5 ||   212
         Chain mail        |       |       |       |   216 ||   216
  Dodge: Dodged            |    48 |   104 |   268 |   188 ||   608

Levels and vault maps discovered:
D:1:      dpeg_arrival_leaves_temple_mockup, layout_loops_ring, serial_shops,
          nicolae_shop_bloodbath_and_beyond, shop_coins,
          nicolae_shop_gibbet_a_chance, nicolae_square_shop, shop
D:2:      minmay_general_purpose_star, layout_basic, uniq_terence, uniq_natasha
D:3:      kennysheep_the_goblin_king, layout_basic, zin_treasury
D:4:      layout_loops_corners, lemuel_round_altar, serial_shops, shop,
          minmay_misc_feat_cross, minmay_statues_item, dk_rats_in_the_wall
D:5:      layout_cave_pools
D:6:      minmay_inner_zag, layout_basic, mainiacjoe_overflow_alcove_2,
          nicolae_ru_path_of_blood, mainiacjoe_sewer_entry_somewhere_in_here_2
D:7:      layout_cave_pods, minmay_temple_entry_purple_smoke, enter_bailey_3,
          minmay_strange_pillars, item_on_display_a
D:8:      layout_basic, dk_yredelemnul_ordeal, marbit_many_paths,
          lair_entry_dummy
Lair:1:   layout_chaotic_city, serial_bayou_crossing,
          infiniplex_staircase_pool_2
Lair:2:   layout_small_grid, minmay_snake_entry_six_corridors, lemuel_fruit_tree

Notes
Turn   | Place    | Note
-------+----------+-------------------------------------------
     0 | D:1      | demibob the Kobold Berserker began the quest for the Orb.
     0 | D:1      | Reached XP level 1. HP: 14/14 MP: 1/1
    41 | D:1      | Found Zoboh's Magic Scroll Boutique.
   196 | D:1      | Found Wiosocla's Assorted Antiques.
   223 | D:1      | Found Agosher's Weapon Boutique.
   254 | D:1      | Reached XP level 2. HP: 19/19 MP: 2/2
   322 | D:1      | Found Coeppiora's Magic Scroll Emporium.
   437 | D:1      | Reached skill level 5 in Short Blades
   541 | D:1      | Found Kuinkor's Jewellery Boutique.
   703 | D:1      | Reached XP level 3. HP: 23/23 MP: 3/3
  1006 | D:2      | Noticed Natasha
  1010 | D:2      | Killed Natasha
  1011 | D:2      | Reached skill level 6 in Short Blades
  1017 | D:2      | Reached XP level 4. HP: 28/28 MP: 4/4
  1023 | D:2      | Noticed Natasha
  1029 | D:2      | Killed Natasha
  1029 | D:2      | Reached ** piety under Trog
  1550 | D:2      | Noticed Natasha
  1556 | D:2      | Killed Natasha
  1557 | D:2      | Reached skill level 1 in Evocations
  1557 | D:2      | Reached XP level 5. HP: 32/32 MP: 5/5
  1935 | D:2      | Noticed Terence
  1945 | D:2      | Killed Terence
  1946 | D:2      | Reached skill level 7 in Short Blades
  2062 | D:3      | Found a glowing silver altar of Zin.
  2190 | D:3      | Reached skill level 2 in Evocations
  2817 | D:3      | Noticed Ijyb
  2835 | D:3      | Killed Ijyb
  2962 | D:3      | Reached XP level 6. HP: 37/37 MP: 6/6
  3318 | D:4      | Reached skill level 3 in Evocations
  3662 | D:4      | Reached *** piety under Trog
  3832 | D:4      | Reached skill level 8 in Short Blades
  3911 | D:4      | HP: 3/37 [gnoll/+0 spear (10)]
  4040 | D:4      | Found Plog's Antique Weapon Shoppe.
  4080 | D:4      | Found a broken altar of Ashenzari.
  4516 | D:5      | Entered Level 5 of the Dungeon
  4645 | D:5      | Reached skill level 3 in Dodging
  4645 | D:5      | Reached XP level 7. HP: 37/41 MP: 7/7
  4770 | D:5      | Reached skill level 4 in Dodging
  4966 | D:5      | Reached skill level 9 in Short Blades
  5004 | D:5      | Reached skill level 5 in Dodging
  5004 | D:5      | Reached XP level 8. HP: 21/46 MP: 8/8
  5639 | D:6      | Found a glowing drain.
  5643 | Sewer    | Entered a sewer
  5727 | Sewer    | Reached skill level 4 in Evocations
  5880 | Sewer    | Reached skill level 10 in Short Blades
  5880 | Sewer    | Reached skill level 6 in Dodging
  6132 | Sewer    | Reached **** piety under Trog
  6246 | D:6      | Reached skill level 5 in Evocations
  6395 | D:6      | Found a sacrificial altar of Ru.
  6654 | D:6      | Reached skill level 7 in Dodging
  6709 | D:6      | Reached skill level 6 in Evocations
  6709 | D:6      | Reached XP level 9. HP: 29/51 MP: 9/9
  6833 | D:6      | Found an iron altar of Okawaru.
  7492 | D:7      | Reached skill level 8 in Dodging
  7492 | D:7      | Found a flagged portal.
  7536 | Bailey   | Entered a bailey
  7572 | Bailey   | Reached skill level 7 in Evocations
  7653 | Bailey   | Reached skill level 9 in Dodging
  7653 | Bailey   | Reached skill level 8 in Evocations
  7664 | Bailey   | HP: 7/76 [gnoll bouda/+0 halberd (15)]
  7982 | Bailey   | Reached skill level 9 in Evocations
  7982 | Bailey   | Reached XP level 10. HP: 55/56 MP: 10/10
  8004 | Bailey   | Identified a +0 crystal plate armour
  8014 | Bailey   | Reached skill level 10 in Dodging
  8523 | D:7      | Reached skill level 2 in Armour
  8617 | D:7      | Reached skill level 4 in Fighting
  8880 | D:7      | Found a staircase to the Ecumenical Temple.
  9399 | D:1      | Bought a +4 ring of slaying for 432 gold pieces
  9539 | D:8      | Reached skill level 3 in Armour
  9663 | D:8      | Reached skill level 5 in Fighting
  9842 | D:8      | Found a staircase to the Lair.
 10184 | D:8      | Reached skill level 6 in Fighting
 10184 | D:8      | Reached skill level 4 in Armour
 10193 | D:8      | Found a blossoming altar of Fedhas.
 10228 | D:8      | Found a runed translucent door.
 10232 | D:8      | Found a basalt altar of Yredelemnul.
 10351 | Lair:1   | Entered Level 1 of the Lair of Beasts
 10397 | Lair:1   | Reached skill level 7 in Fighting
 10411 | Lair:1   | Reached skill level 5 in Armour
 10519 | Lair:1   | Reached ***** piety under Trog
 10520 | Lair:1   | Reached XP level 11. HP: 64/67 MP: 11/11
 10920 | Lair:1   | Reached skill level 8 in Fighting
 11058 | Lair:1   | Reached skill level 6 in Armour
 11559 | Lair:2   | Noticed a seven-headed hydra
 11568 | Lair:2   | Killed a seven-headed hydra
 11569 | Lair:2   | Reached skill level 9 in Fighting
 11710 | Lair:2   | Reached skill level 7 in Armour
 11775 | Lair:2   | Found a staircase to the Snake Pit.
 12084 | Lair:2   | Noticed a skyshark
 12105 | Lair:2   | HP: 4/108 [skyshark (9)]
 12107 | Lair:2   | Slain by a skyshark

Vanquished Creatures
  A hydra (Lair:2)
  A black mamba (Lair:2)
  A cane toad (Lair:1)
  2 komodo dragons (Lair:1)
  4 blink frogs (Lair:1)
  A wyvern (Lair:1)
  3 yaks (Lair:1)
  2 steam dragons
  14 water moccasins
  2 ice beasts
  2 centaurs (D:6)
  2 ogres
  12 wolves
  2 phantoms
  2 brain worms (Sewer)
  11 bullfrogs
  10 gnoll sergeants
  A scorpion (D:6)
  3 wights (D:5)
  3 killer bees (D:8)
  A howler monkey (D:5)
  6 hounds
  7 orc priests
  A bombardier beetle (D:5)
  6 gnoll boudas
  2 jellies
  3 iguanas
  Ijyb (D:3)
  Natasha (thrice) (D:2)
  6 orc wizards
  A sleepcap (D:6)
  Terence (D:2)
  15 gnolls
  2 river rats (Sewer)
  13 adders
  2 shadow imps
  A white imp (D:7)
  6 ufetubi (D:6)
  3 dart slugs
  25 orcs
  5 endoplasms
  3 giant cockroaches
  14 goblins
  4 hobgoblins
  7 jackals
  4 kobolds
  A quokka (D:2)
  6 ball pythons
  5 bats
  12 frilled lizards
  A goblin skeleton (D:8)
  A jackal zombie (D:8)
  5 rats
252 creatures vanquished.

Table legend: (Time is in decaauts)
 A = Elapsed time spent in this place.
 B = Non-inter-level travel time spent in this place.
 C = Inter-level travel time spent in this place.
 D = Time resting spent in this place.
 E = Time spent auto-exploring this place.
 F = Levels seen in this place.
 G = Mean time per level.
                   A        B        C        D        E       F      G
               +--------+--------+--------+--------+--------+-----+--------+
         Total |  11731 |  11279 |    452 |    433 |   9230 |  12 |  977.6 |
       Dungeon |   8793 |   8354 |    439 |    133 |   7140 |   8 | 1099.1 |
          Lair |   1647 |   1635 |     12 |     49 |   1384 |   2 |  823.5 |
         Sewer |    569 |    569 |      0 |     62 |    379 |   1 |  569.0 |
        Bailey |    721 |    721 |      0 |    189 |    326 |   1 |  721.0 |
               +--------+--------+--------+--------+--------+-----+--------+

Top non-repeatable levels by time:
     D:6: 1400 daAuts
     D:2: 1247 daAuts
     D:4: 1244 daAuts
     D:3: 1237 daAuts
     D:7: 1152 daAuts
  Lair:1: 1144 daAuts
     D:5: 855 daAuts
     D:1: 833 daAuts
     D:8: 820 daAuts
  Bailey: 721 daAuts
   Sewer: 569 daAuts
  Lair:2: 503 daAuts

Table legend:
 A = Non-vault XP
 B = Vault XP
 C = Vault XP percentage of total XP
 D = Non-vault monster count
 E = Vault monster count
 F = Vault count percentage of total count
                 A         B        C        D         E       F
            +---------+---------+-------+---------+---------+-------
      Total |    9368 |    4425 |  32.1 |     169 |      83 |  32.9
            +---------+---------+-------+---------+---------+-------
        D:1 |      32 |       0 |   0.0 |      19 |       0 |   0.0
        D:2 |      83 |      74 |  47.1 |       8 |       6 |  42.9
        D:3 |      32 |      50 |  61.0 |      16 |       7 |  30.4
        D:4 |     177 |       0 |   0.0 |      22 |       0 |   0.0
        D:5 |     735 |       0 |   0.0 |      19 |       0 |   0.0
        D:6 |     455 |     294 |  39.3 |      15 |       6 |  28.6
        D:7 |     878 |       7 |   0.8 |      23 |       4 |  14.8
        D:8 |    1096 |     147 |  11.8 |      17 |       3 |  15.0
     Lair:1 |    4515 |       0 |   0.0 |      24 |       0 |   0.0
     Lair:2 |    1365 |    1784 |  56.7 |       6 |      10 |  62.5
      Sewer |       0 |     293 | 100.0 |       0 |      17 | 100.0
     Bailey |       0 |    1776 | 100.0 |       0 |      30 | 100.0
            +---------+---------+-------+---------+---------+-------
